 Dungeon Crawl Stone Soup version 0.26-a0-639-g72c4674329 (webtiles) character file.

Game seed: 15823555019851875760

1999 Flugslaktarn the Fighter (level 9, 0/123 HPs)
             Began as a Minotaur Fighter on Sept 23, 2020.
             Was a Follower of Uskayaw.
             Succumbed to a chaos spawn's poison
             ... on level 9 of the Dungeon.
             The game lasted 00:01:50 (4209 turns).

Flugslaktarn the Fighter (Minotaur Fighter)         Turns: 4209, Time: 00:01:51

Health: 0/123      AC: 11    Str: 23    XL:     9   Next: 2%
Magic:  9/9        EV:  6    Int:  6    God:    Uskayaw [*.....]
Gold:   265        SH: 10    Dex: 10    Spells: 8/8 levels left

rFire    . . .     SeeInvis .   a - +0 war axe
rCold    . . .     Faith    .   c - +0 kite shield
rNeg     . . .     Spirit   .   i - +0 chain mail
rPois    .         Reflect  .   (helmet restricted)
rElec    .         Harm     .   (no cloak)
rCorr    .         Rampage  .   m - +0 pair of gloves
MR       .....                  (no boots)
Stlth    ..........             (no amulet)
HPRegen  0.30/turn              (no ring)
MPRegen  0.11/turn              (no ring)

@: berserking, lethally poisoned (0 -> -10), very quick
A: retaliatory headbutt, horns 2
a: Stomp, Renounce Religion


You were on level 9 of the Dungeon.
You worshipped Uskayaw.
Uskayaw was noncommittal.
You visited 1 branch of the dungeon, and saw 8 of its levels.

You collected 265 gold pieces.

Inventory:

Hand Weapons
 a - a +0 war axe (weapon)
Armour
 b - a +0 scale mail
 c - a +0 kite shield (worn)
 i - a +0 chain mail (worn)
   (You found it on level 4 of the Dungeon)
 m - a +0 pair of gloves (worn)
   (You found it on level 5 of the Dungeon)
Wands
 j - a wand of enslavement (4)
   (You found it on level 4 of the Dungeon)
Scrolls
 f - 2 scrolls of teleportation {unknown}
 g - 5 scrolls of identify {unknown}
 l - 2 scrolls of magic mapping {unknown}
 n - a scroll of amnesia {unknown}
 o - a scroll of enchant weapon {unknown}
 r - a scroll of remove curse {unknown}
Potions
 d - a potion of might
 e - 2 potions of brilliance {unknown}
 h - 5 potions of curing {unknown}
 k - a potion of mutation {unknown}
 p - a potion of heal wounds {unknown}
 q - 2 potions of lignification {unknown}


   Skills:
 * Level 8.8 Fighting
 * Level 8.3 Axes
 + Level 6.6 Armour
 + Level 6.6 Shields
 + Level 2.3 Invocations


You had 8 spell levels left.
You didn't know any spells.
Your spell library was empty.

Dungeon Overview and Level Annotations

Branches:
Dungeon (9/15)
 Temple: D:4-7         Lair: D:8-11         Orc: D:9-12

Altars:
Cheibriados
Dithmenos
Hepliaklqana
Okawaru
Sif Muna
Uskayaw
Wu Jian
Yredelemnul
Zin
The Shining One


Innate Abilities, Weirdness & Mutations

You reflexively headbutt those who attack you in melee.
You have a pair of horns on your head.


Message History

* * * LOW HITPOINT WARNING * * *
The chaos spawn gores you but does no damage.
An orc wizard comes into view. It is wielding a +0 dagger.
You can move again.
You closely miss the chaos spawn.
The orc wizard shouts!
Your headbutt misses the chaos spawn.
The chaos spawn is lightly wounded.
You slice the orc warrior!! You hit the orc.
The orc warrior hits you with a +0 hand axe.
* * * LOW HITPOINT WARNING * * *
The chaos spawn hits you.
* * * LOW HITPOINT WARNING * * *
You are lethally poisoned!
The chaos spawn poisons you!
You hit the chaos spawn. Your headbutt misses the chaos spawn.
The chaos spawn is lightly wounded.
Your shield and chain mail prevent you from hitting the orc.
You slash the orc warrior!
You die...

..........#.........#
.......(............#
#......(.$..........#
#..>##)((.........###
#......(...>.....##
..#.#..##........)#
..####..#....(#.<##
...........#)##
#.....4@....##
..##..oo...#.# ##.
#...S....##
.........#.#
oo..#.....###
....##..### ... ##.#
.. ###


You could see a chaos spawn, an orc warrior, an orc wizard, an adder and 2 orcs.

Vanquished Creatures
  A water moccasin (D:9)
  An ice beast (D:6)
  2 sky beasts
  A phantom (D:4)
  5 ogres
  A black bear (D:6)
  2 centaurs (D:5)
  A big kobold (D:9)
  3 bullfrogs
  A howler monkey (D:9)
  A jelly (D:9)
  A bullfrog zombie (D:5)
  An orc priest (D:4)
  A centaur skeleton (D:6)
  2 hounds
  Natasha (D:2)
  An iguana (D:5)
  2 orc wizards
  7 worker ants
  A howler monkey zombie (D:6)
  4 adders
  A white imp (D:3)
  An ooze (D:1)
  An adder skeleton (D:6)
  A worm (D:2)
  5 leopard geckos
  15 orcs
  A giant cockroach (D:1)
  2 hobgoblins
  13 jackals
  A quokka (D:5)
  5 bats
  A jackal zombie (D:5)
  7 kobolds
94 creatures vanquished.

Vanquished Creatures (others)
  2 fungi (D:6)
2 creatures vanquished.

Grand Total: 96 creatures vanquished

Notes
Turn   | Place    | Note
-------+----------+-------------------------------------------
     0 | D:1      | Flugslaktarn the Minotaur Fighter began the quest for the
                  | Orb.
     0 | D:1      | Reached XP level 1. HP: 19/19 MP: 0/0
   205 | D:2      | Found a basalt altar of Yredelemnul.
   205 | D:2      | Reached XP level 2. HP: 27/27 MP: 1/1
   393 | D:2      | Noticed Natasha
   399 | D:2      | Killed Natasha
   399 | D:2      | Reached XP level 3. HP: 30/34 MP: 2/2
   989 | D:3      | Reached XP level 4. HP: 40/41 MP: 3/3
  1056 | D:4      | Reached skill level 5 in Fighting
  1056 | D:4      | Reached XP level 5. HP: 29/48 MP: 4/4
  1491 | D:4      | Noticed a phantom
  1510 | D:4      | Noticed an ogre
  1521 | D:4      | Killed an ogre
  1521 | D:4      | Reached XP level 6. HP: 23/56 MP: 5/5
  1551 | D:4      | Reached skill level 5 in Axes
  1958 | D:4      | Found a glowing golden altar of the Shining One.
  2018 | D:4      | Reached skill level 5 in Armour
  2018 | D:4      | Reached skill level 5 in Shields
  2409 | D:5      | Entered Level 5 of the Dungeon
  2409 | D:5      | Found a shadowy altar of Dithmenos.
  2414 | D:5      | Reached XP level 7. HP: 57/64 MP: 6/6
  2870 | D:5      | Noticed a -3 dagger
  2871 | D:5      | Found a hide-covered altar of Uskayaw.
  2872 | D:5      | Noticed a +0 dagger
  2886 | D:5      | Reached XP level 8. HP: 73/73 MP: 7/7
  2889 | D:5      | Became a worshipper of Uskayaw the Reveler
  2913 | D:5      | Reached * piety under Uskayaw
  2980 | D:5      | Found an iron altar of Okawaru.
  2980 | D:5      | Found an ornate altar of the Wu Jian Council.
  2981 | D:5      | Found a shimmering blue altar of Sif Muna.
  2981 | D:5      | Found a snail-covered altar of Cheibriados.
  3277 | D:6      | Reached ** piety under Uskayaw
  3328 | D:6      | Reached *** piety under Uskayaw
  3330 | D:6      | Reached skill level 1 in Invocations
  3514 | D:6      | Found a shimmering blue altar of Sif Muna.
  3757 | D:6      | Found a hazy altar of Hepliaklqana.
  3787 | D:6      | Found a glowing silver altar of Zin.
  4020 | D:6      | You fall into a shaft and drop 3 floors!
  4036 | D:9      | Reached **** piety under Uskayaw
  4042 | D:9      | Reached ***** piety under Uskayaw
  4068 | D:9      | Reached XP level 9. HP: 35/82 MP: 9/9
  4203 | D:9      | Paralysed by a chaos spawn for 5 turns
  4207 | D:9      | HP: 6/123 [orc/+0 war axe (5)]
  4208 | D:9      | HP: 2/123 [chaos spawn (2)]
  4209 | D:9      | Succumbed to a chaos spawn's poison

Illustrated notes

Levels and vault maps discovered:
D:1:      onia_arrival_handbag, layout_loops_ring
D:2:      layout_basic, overflow_temple_1_default, marbit_many_paths,
          uniq_crazy_yiuf_cottage, uniq_natasha
D:3:      layout_loops_cross, elyvilon_altar_5, chequers_hall_statues_corner_a
D:4:      layout_cave_pools, tso_altar, serial_co_window_serial,
          co_window_cross_1, co_window_corner_a, co_window_corner_a,
          co_window_paths_b, co_window_paths_a, co_window_2corner,
          co_window_paths_c, co_window_corner_b, co_window_corner_b,
          co_window_corner_b, co_window_corner_cb, glass_columns_c,
          glass_columns_b
D:5:      layout_basic, dancing_weapons_uskayaw, grunt_temple_overflow_open,
          enter_ossuary_5, grunt_dithmenos_smoke_and_mirrors
D:6:      layout_basic, lemuel_round_altar, zin_academy, basic_altar,
          serial_aquarium, aquarium_bridge_straight [aquarium_subvault_bridge,
          aquarium_subvault_wall, aquarium_subvault_bridge,
          aquarium_subvault_wall], aquarium_window_2, aquarium_window_fake,
          aquarium_window_fake, aquarium_view_2a, aquarium_balcony_1b
D:8:      layout_rooms, lemuel_coloured_pillars_altar, dpeg_lair_monsters,
          uniq_joseph, uniq_maurice, uniq_psyche
D:9:      layout_cave_pools, gammafunk_ghost_smash,
          minmay_guarded_unrand_variability

Skill      XL: |  1  2  3  4  5  6  7  8 |
---------------+-------------------------+-----
Fighting       | 4 5 6 7 8 |  8.8
Axes           | 3 4 5 6 8 |  8.3
Armour         | 4 5 6 |  6.6
Shields        | 4 5 6 |  6.6
Invocations    | 2 |  2.3

Action                   |  1- 3 |  4- 6 |  7- 9 || total
-------------------------+-------+-------+-------++-------
Melee: War axe           |    48 |    69 |   165 ||   282
       Headbutt          |     4 |    11 |    42 ||    57
  Use: Potion            |       |     1 |       ||     1
 Stab: Paralysed         |       |       |     6 ||     6
Armor: Scale mail        |    36 |    15 |       ||    51
       Chain mail        |       |    17 |    90 ||   107
Dodge: Dodged            |    25 |    17 |    45 ||    87
Block: Kite shield       |    37 |    33 |   103 ||   173

Table legend: (Time is in decaauts)
 A = Elapsed time spent in this place.
 B = Non-inter-level travel time spent in this place.
 C = Inter-level travel time spent in this place.
 D = Time resting spent in this place.
 E = Time spent auto-exploring this place.
 F = Levels seen in this place.
 G = Mean time per level.
                   A        B        C        D        E       F      G
               +--------+--------+--------+--------+--------+-----+--------+
         Total |   4294 |   4120 |    174 |    308 |   3170 |   8 |  536.8 |
       Dungeon |   4294 |   4120 |    174 |    308 |   3170 |   8 |  536.8 |
               +--------+--------+--------+--------+--------+-----+--------+

Top non-repeatable levels by time:
     D:4: 1386 daAuts
     D:5: 826 daAuts
     D:6: 815 daAuts
     D:3: 447 daAuts
     D:2: 429 daAuts
     D:1: 195 daAuts
     D:9: 190 daAuts
     D:8: 2 daAuts
